 Dungeon Crawl Stone Soup version 0.30.1-11-g7821555f0a (webtiles) character file.

Game seed: 8084701608106749490

6965 Skeebo the Grappler (level 10, -9/110 HPs)
             Began as a Troll Fighter on Dec 30, 2023.
             Mangled by a ten-headed hydra (12 damage)
             ... on level 1 of the Lair of Beasts.
             The game lasted 00:18:35 (7559 turns).

Skeebo the Grappler (Troll Fighter)                 Turns: 7559, Time: 00:18:35

Health: -9/110     AC:  4    Str: 30    XL:     10   Next: 81%
Magic:  9/9        EV: 14    Int:  4    God:
Gold:   619        SH:  8    Dex:  9    Spells: 9/9 levels left

rFire   . .          .
                       - Unarmed
rCold   . . .        c - +1 kite shield
rNeg    . . .        b - +0 robe
rPois   .            (helmet restricted)
rElec   .            (no cloak)
rCorr   .            (gloves unavailable)
SInv    .            (boots unavailable)
Will    .....        (no amulet)
Stlth   +            i - +5 ring of evasion
HPRegen 1.18/turn    (no ring)
MPRegen 0.11/turn

%: no passive effects
@: no status effects
A: large, unfitting armour, claws 3, regeneration 1, shaggy fur 1, tough skin 1
a: no special abilities


You were on level 1 of the Lair of Beasts.
You visited 3 branches of the dungeon, and saw 10 of its levels.

You collected 619 gold pieces.

Inventory:

Hand Weapons
 a - a +1 flail of venom
 g - a +0 giant spiked club of electrocution
Armour
 b - a +0 robe (worn)
 c - a +1 kite shield (worn)
Jewellery
 f - a ring of ice
 i - a +5 ring of evasion (left claw)
Wands
 q - a wand of polymorph (12)
 t - a wand of charming (11)
 x - a wand of iceblast (5)
Scrolls
 e - a scroll of amnesia
 r - a scroll of enchant weapon
 s - 2 scrolls of teleportation
 u - a scroll of magic mapping
Potions
 h - a potion of lignification
 k - 4 potions of brilliance
 l - 2 potions of degeneration
 m - 2 potions of attraction
 n - 3 potions of curing
 o - 3 potions of mutation {unknown}
 p - 2 potions of invisibility {unknown}
 v - 2 potions of ambrosia {unknown}
 w - a potion of magic {unknown}


   Skills:
 + Level 10.3 Fighting
 - Level 1.7 Maces & Flails
 - Level 2.4 Dodging
 - Level 2.6 Shields
 + Level 11.7 Unarmed Combat


You had 9 spell levels left.
You didn't know any spells.
Your spell library contained the following spells:

 Spells                   Type           Power      Damage    Failure   Level
 Beastly Appendage        Tmut           0%         N/A       73%         1
 Sandblast                Erth           0%         2d4       73%         1
 Blink                    Tloc           0%         N/A       86%         2
 Lesser Beckoning         Tloc           0%         N/A       86%         2
 Momentum Strike          Conj/Tloc      0%         3d8       86%         2
 Passwall                 Tmut/Erth      0%         N/A       86%         2
 Wereblood                Tmut           0%         N/A       86%         2
 Spider Form              Tmut/Pois      0%         N/A       97%         3
 Stone Arrow              Conj/Erth      0%         3d7       97%         3


Dungeon Overview and Level Annotations

Branches:
Dungeon (8/15)             Temple (1/1) D:6            Lair (1/5) D:8

Altars:
Ashenzari
Cheibriados
Elyvilon
Fedhas
Gozag
Hepliaklqana
Kikubaaqudgha
Okawaru
Ru
Trog
Uskayaw
Vehumet
Wu Jian
Xom
Yredelemnul
The Shining One

Shops:
D:3 :   D:4 *   D:7 !

Annotations:
D:6 2 transporters, middlethird's ghost, novice VSTm


Innate Abilities, Weirdness & Mutations

You are too large for most types of armour.
You have claws for hands.
Your natural rate of healing is unusually fast.
You are covered in fur. (AC +1)
You have tough skin. (AC +1)


Message History

You block the eight-headed hydra's attack.
The eight-headed hydra bites you!
The eight-headed hydra closely misses you.
The eight-headed hydra bites you!
Okay, then.
You claw one of the eight-headed hydra's heads off!
The seven-headed hydra grows two more!
You mangle the nine-headed hydra!!
The nine-headed hydra is moderately wounded.
The nine-headed hydra bites you but does no damage.
The nine-headed hydra bites you!
The nine-headed hydra barely misses you.
The nine-headed hydra bites you!
The nine-headed hydra completely misses you.
The nine-headed hydra bites you. The nine-headed hydra bites you!
The nine-headed hydra misses you.
The nine-headed hydra completely misses you.
You rip one of the nine-headed hydra's heads off!
The eight-headed hydra grows two more!
You scratch the ten-headed hydra.
The ten-headed hydra is moderately wounded.
You block the ten-headed hydra's attack.
The ten-headed hydra closely misses you.
The ten-headed hydra bites you but does no damage.
You block the ten-headed hydra's attack.
The ten-headed hydra bites you! x2
* * * LOW HITPOINT WARNING * * *
The ten-headed hydra bites you.
* * * LOW HITPOINT WARNING * * *
The ten-headed hydra bites you!
* * * LOW HITPOINT WARNING * * *
The ten-headed hydra barely misses you. The ten-headed hydra bites you.
* * * LOW HITPOINT WARNING * * *
You feel much better. The ten-headed hydra bites you!
* * * LOW HITPOINT WARNING * * *
You block the ten-headed hydra's attack.
The ten-headed hydra misses you. The ten-headed hydra bites you!
* * * LOW HITPOINT WARNING * * *
The ten-headed hydra bites you!
* * * LOW HITPOINT WARNING * * *
The ten-headed hydra misses you. The ten-headed hydra bites you!
You die...

#..##....###.#.#≈≈≈≈≈≈≈≈≈#
##..##....~≈≈.≈≈≈≈≈≈≈≈≈≈≈≈#
....#....≈≈≈~.~≈≈≈≈≈≈≈≈≈≈≈#
........~~≈≈~.~~≈≈~~≈~#####
...#...~≈≈≈≈~.~~~...P.#
#.#..P~~≈≈≈≈≈...~.....#
#.#..P~≈≈≈~~...#.#######.
#.#..~≈~≈~~...~#~~# ...
#....≈~≈≈≈P.~~~#@.# .~~.
###.~≈≈≈≈~.~#+###D# .~~.P
#.~≈≈≈~P.~# #~~#..D~~~
#P≈≈≈~..P~. +~~'.P~.PP
##~≈≈≈#### ##########
######


You could see a ten-headed hydra.

Vanquished Creatures
  A catoblepas (Lair:1)
  A boulder beetle (Lair:1)
  A black mamba (Lair:1)
  A gargoyle (D:6)
  A cane toad (Lair:1)
  4 blink frogs (Lair:1)
  2 yaks
  A wyvern (D:7)
  4 water moccasins (Lair:1)
  3 orc warriors
  2 ice beasts (D:6)
  A black bear (D:7)
  3 ogres
  2 centaurs
  8 bullfrogs
  A wyvern zombie (D:8)
  2 scorpions
  11 wights (D:8)
  3 killer bees (D:7)
  An electric eel (Lair:1)
  2 jellies (D:5)
  4 orc priests
  2 gnoll boudas
  3 iguanas
  2 sleepcaps
  Ijyb (D:3)
  4 orc wizards
  Terence (D:2)
  9 gnolls
  15 adders
  5 shadow imps (D:6)
  5 white imps
  An ufetubus (D:6)
  2 worms
  6 dart slugs
  22 orcs
  5 endoplasms
  3 giant cockroaches
  4 goblins
  8 hobgoblins
  3 jackals (D:4)
  4 quokkas
  6 ball pythons
  7 bats
  7 frilled lizards
  7 kobolds
  8 rats
199 creatures vanquished.

Notes
Turn   | Place    | Note
-------+----------+-------------------------------------------
     0 | D:1      | Skeebo the Troll Fighter began the quest for the Orb.
     0 | D:1      | Reached XP level 1. HP: 22/22 MP: 0/0
   100 | D:1      | Reached skill level 1 in Unarmed Combat
   100 | D:1      | Reached XP level 2. HP: 29/29 MP: 1/1
   595 | D:1      | Reached XP level 3. HP: 37/37 MP: 2/2
   865 | D:2      | Reached skill level 2 in Unarmed Combat
  1130 | D:2      | Reached XP level 4. HP: 42/45 MP: 3/3
  1544 | D:2      | Noticed Terence
  1561 | D:2      | Killed Terence
  1862 | D:3      | Noticed a walking divine tome
  1863 | D:3      | Found Juucusos's Book Shop.
  1863 | D:3      | Noticed a walking frostbound tome
  1942 | D:3      | Reached skill level 3 in Unarmed Combat
  2054 | D:3      | Noticed Ijyb
  2063 | D:3      | Killed Ijyb
  2064 | D:3      | Reached XP level 5. HP: 54/54 MP: 4/4
  2646 | D:4      | Noticed an ogre
  2658 | D:4      | Killed an ogre
  2659 | D:4      | Reached skill level 4 in Unarmed Combat
  2659 | D:4      | Reached XP level 6. HP: 63/63 MP: 5/5
  2709 | D:4      | Found an ornate altar of the Wu Jian Council.
  2789 | D:4      | Found Cesseos's General Store.
  3203 | D:5      | Entered Level 5 of the Dungeon
  3203 | D:5      | Found a shimmering altar of Xom.
  3233 | D:5      | Reached skill level 5 in Unarmed Combat
  3255 | D:5      | Reached skill level 5 in Fighting
  3255 | D:5      | Reached XP level 7. HP: 57/72 MP: 6/6
  3346 | D:5      | Identified the +6 chain mail of Shadows and Fog {rC- Str+3
                  | Int+5}
  3652 | D:5      | Reached skill level 6 in Unarmed Combat
  3859 | D:6      | Reached XP level 8. HP: 80/83 MP: 7/7
  4007 | D:6      | Reached skill level 7 in Unarmed Combat
  4026 | D:6      | Noticed a gargoyle
  4048 | D:6      | Killed a gargoyle
  4066 | D:6      | Found a blossoming altar of Fedhas.
  4101 | D:6      | Found a staircase to the Ecumenical Temple.
  4121 | Temple   | Entered the Ecumenical Temple
  4485 | D:6      | Found an iron altar of Okawaru.
  4487 | D:6      | Found a basalt altar of Yredelemnul.
  4600 | D:6      | Found a transporter.
  4602 | D:6      | Found a transporter.
  4603 | D:6      | Noticed middlethird's ghost (novice VSTm)
  4956 | D:7      | Reached skill level 8 in Unarmed Combat
  4998 | D:7      | Found an opulent altar of Gozag.
  5033 | D:7      | Reached XP level 9. HP: 69/93 MP: 8/8
  5091 | D:7      | Found a sacrificial altar of Ru.
  5273 | D:7      | Found Hiczih's Distillery.
  5367 | D:7      | Found a snail-covered altar of Cheibriados.
  5607 | D:8      | Found a staircase to the Lair.
  5636 | D:8      | Reached skill level 9 in Unarmed Combat
  6125 | D:8      | Reached skill level 10 in Unarmed Combat
  6239 | D:8      | Found a glowing golden altar of the Shining One.
  6402 | D:8      | Found a transporter.
  6465 | Lair:1   | Entered Level 1 of the Lair of Beasts
  6497 | Lair:1   | Reached XP level 10. HP: 91/107 MP: 9/9
  6503 | Lair:1   | Noticed a boulder beetle
  6769 | Lair:1   | Noticed a black mamba
  6777 | Lair:1   | Killed a black mamba
  6822 | Lair:1   | Found a glowing golden altar of the Shining One.
  6838 | Lair:1   | Killed a boulder beetle
  7059 | Lair:1   | Reached skill level 11 in Unarmed Combat
  7206 | Lair:1   | Noticed a catoblepas
  7365 | Lair:1   | Killed a catoblepas
  7366 | Lair:1   | Reached skill level 10 in Fighting
  7489 | Lair:1   | Noticed a cane toad
  7500 | Lair:1   | Killed a cane toad
  7550 | Lair:1   | Noticed an eight-headed hydra
  7559 | Lair:1   | HP: 3/110 [ten-headed hydra (16)]
  7559 | Lair:1   | Mangled by a ten-headed hydra

Illustrated notes

Levels and vault maps discovered:
D:1:      saegor_arrival_miasma, layout_basic
D:2:      layout_basic, uniq_terence
D:3:      layout_loops_ring, serial_shops, nicolae_shop_mannequins, uniq_ijyb
D:4:      layout_gridville, nicolae_wu_jian_immortal_techniques,
          nicolae_stop_n_shop_1, kennysheep_small_square
D:5:      layout_cave_pools, xom_confusion_cloud
D:6:      layout_basic, mainiacjoe_overflow_catwalk_spiral,
          general_overflow_altar, minmay_temple_entry_butterflies,
          gammafunk_ghost_smash, serial_demonic, serial_demonic_c,
          serial_demonic_f, serial_demonic_f, serial_demonic_f
D:7:      layout_rooms, nicolae_gozag_cash_rules_everything_around_me,
          nicolae_ru_sacrificial_ziggurat, chei_slow_surprise, serial_shops,
          nicolae_shop_peninsula
D:8:      layout_basic, mainiacjoe_overflow_alcove_4,
          grunt_lair_entry_orc_guard_hut, serial_undead, serial_undead_c,
          serial_undead_a, serial_undead_c, serial_undead_f, minivault_21,
          nicolae_diode_basic
Temple:   nicolae_temple_superstar
Lair:1:   cheibrodos_lair_river_kwai, layout_loops_ring, basic_altar,
          nicolae_quartered_pool_little, st_stairs_4, minivault_19, minivault_26

Skill      XL: |  1  2  3  4  5  6  7  8  9 10 |
---------------+-------------------------------+-----
Unarmed Combat | 1 2 3 4 5 6 8 10 11 | 11.7
Fighting       | 3 4 5 6 7 9 10 | 10.3
Maces & Flails | |  1.7
Dodging        | |  2.4
Shields        | |  2.6

Action                     |  1- 3 |  4- 6 |  7- 9 | 10-12 || total
---------------------------+-------+-------+-------+-------++-------
  Melee: Unarmed           |   116 |   170 |   271 |    84 ||   641
         Flail             |     1 |       |       |       ||     1
  Evoke: Wand              |       |       |       |     1 ||     1
    Use: Scroll            |     3 |    13 |     4 |     3 ||    23
         Potion            |       |       |     2 |     3 ||     5
   Stab: Sleeping          |     1 |     2 |       |       ||     3
 Armour: Robe              |    35 |    16 |    38 |    10 ||    99
         Skin              |       |     1 |       |       ||     1
  Dodge: Dodged            |    54 |    85 |   140 |    53 ||   332
  Block: Kite shield       |    54 |    64 |    89 |    40 ||   247
